 Dungeon Crawl Stone Soup version 0.18-a0-1120-g03bd624 (webtiles) character file.

54 namelastname112 the Insei (level 3, 0/19 HPs)
             Began as a Vine Stalker Monk on Jan 17, 2016.
             Slain by an adder (2 damage)
             ... on level 2 of the Dungeon.
             The game lasted 00:03:18 (1073 turns).

namelastname112 the Insei (Vine Stalker Monk)       Turns: 1073, Time: 00:03:18

Health: 0/19       AC:  2    Str: 13    XL:     3   Next: 91%
Magic:  0/4        EV:  8    Int: 10    God:
Gold:   35         SH:  0    Dex: 17    Spells: 0 memorised, 2 levels left

rFire  . . .     SeeInvis .     e - +0 whip (elec)
rCold  . . .     Gourm    .     a - +0 robe
rNeg   . . .     Faith    .     (no shield)
rPois  .         Spirit   +     (no helmet)
rElec  .         Dismiss  .     (no cloak)
rCorr  .         Reflect  .     (no gloves)
SustAt .         Harm     .     (no boots)
MR     .....                    (no amulet)
Stlth  ++........               (no ring)
                                i - ring of wizardry

@: lethally poisoned (0 -> 0), not resistant to hostile enchantments, unstealthy
A: fangs 2, regeneration 1, magic shield, antimagic bite, no device heal 3, rot
immunity
a: no special abilities


You were on level 2 of the Dungeon.
You were hungry.

You visited 1 branch of the dungeon, and saw 2 of its levels.

You collected 35 gold pieces.

Inventory:

Hand Weapons
 e - a +0 whip of electrocution (weapon)
Armour
 a - a +0 robe (worn)
 f - a +0 buckler
Jewellery
 i - a ring of wizardry (left hand)
Scrolls
 c - a scroll of enchant weapon {unknown}
 d - a scroll of remove curse {unknown}
 k - a scroll of teleportation {unknown}
 m - a scroll of amnesia {unknown}
Potions
 g - 2 potions of brilliance {unknown}
 h - a potion of haste {unknown}
 j - a potion of resistance {unknown}
Comestibles
 b - 3 bread rations
 l - a fruit


   Skills:
 - Level 2.6 Fighting
 - Level 2.4 Dodging
 - Level 2.4 Stealth
 + Level 5.4 Unarmed Combat


You had 2 spell levels left.
You didn't know any spells.

Dungeon Overview and Level Annotations

Branches:
Dungeon (2/15)

Altars:


Innate Abilities, Weirdness & Mutations

You have extremely sharp teeth.
Your natural rate of healing is unusually fast.
When hurt, damage is shared between your health and your magic reserves.
Your bite disrupts and absorbs the magic of your enemies.
Potions and wands cannot restore your health.
You are immune to rotting.


Message History

The rat twitches its whiskers.
The giant gecko barely misses you. The giant gecko closely misses you.
The adder closely misses you. The adder completely misses you.
You miss the adder. You bite the adder. You drain its power.
You feel invigorated.
The adder is heavily wounded.
The adder closely misses you. The adder bites you.
* * * LOW HITPOINT WARNING * * *
You are poisoned.
The adder poisons you!
You feel sick.
You feel sick. The adder barely misses you.
You feel sick. The adder barely misses you.
There is a stone staircase leading up here.
The adder bites you.
You die...

#.# #.#.†.#.....#.#
#.######.#.....#####.#
##.............## #.#
#...####.)...#.# ##..#
#..##.#.# ##.#
#..##.#.###### #.#
#l.r...........
#.####S#####.#####.l
#....@.....#...
#..........#.###
#..........#.#
#.....†....#.#
#............#
#..........###
#.....)....#
#..........#
#..........#


You could see an adder, a giant gecko and a rat.

Vanquished Creatures
  An adder (D:1)
  2 worms (D:2)
  2 bats
  A giant cockroach (D:1)
  4 goblins (D:1)
  7 hobgoblins
  3 jackals (D:1)
  7 kobolds (D:1)
  3 giant newts (D:1)
  9 rats
39 creatures vanquished.

Vanquished Creatures (others)
  A bat (D:1)
1 creature vanquished.

Grand Total: 40 creatures vanquished

Notes
Turn   | Place    | Note
--------------------------------------------------------------
     0 | D:1      | namelastname112 the Vine Stalker Monk began the quest for the Orb.
     0 | D:1      | Reached XP level 1. HP: 11/11 MP: 2/2
   231 | D:1      | Reached XP level 2. HP: 14/16 MP: 3/3
   619 | D:1      | Reached XP level 3. HP: 8/19 MP: 4/4
   640 | D:1      | Reached skill level 5 in Unarmed Combat
  1073 | D:2      | Slain by an adder

Vault maps used:
D:1:      saegor_arrival_miasma, hangedman_decor_diamond_cutter,
          amethyst_killhole, minmay_stone_trees_small
D:2:      nicolae_gozag_cash_rules_everything_around_me, first_bread, uniq_iyjb

Action                   || total
-------------------------++-------
Melee: Unarmed           ||     9
       Whip              ||   104
 Stab: Sleeping          ||     5
